TOP OF THE 1ST |
Las Vegas Flamingos batting - Pitching for Nashville Outlaws : RHP Ralph Minor
|
Pitching: RHP Ralph Minor
|
|
Batting: LHB Dirk Horwedel
|
0-0: Foul Ball, location: 2F 0-1: Swinging Strike 0-2: Ball 1-2: Strikes out looking
|
Batting: RHB Alberto Ramírez
|
0-0: Called Strike 0-1: Ball 1-1: Ball 2-1: Ball 3-1: Base on Balls
|
Batting: LHB Chan-ho Shinn
|
0-0: Called Strike 0-1: Fly out, F7 (Flyball, 7, EV 83.1 MPH)
|
Batting: LHB Joo-Chan Park
|
0-0: Called Strike 0-1: Foul Ball, location: 2F 0-2: Ball 1-2: Foul Ball, location: 2F 1-2: Fly out, F9 (Flyball, 9, EV 91.9 MPH)
|
Top of the 1st over - 0 runs, 0 hits, 0 errors, 1 left on base; Las Vegas 0 - Nashville 0 |
BOTTOM OF THE 1ST |
Nashville Outlaws batting - Pitching for Las Vegas Flamingos : RHP Claude Khatoon
|
Pitching: RHP Claude Khatoon
|
|
Batting: LHB Daniel Page
|
0-0: Fly out, F8 (Flyball, 8RD, EV 74.4 MPH)
|
Batting: LHB Bartolo Soto
|
0-0: Fly out, F7 (Flyball, 7S, EV 85.6 MPH)
|
Batting: RHB Bastiaan Pieterse
|
0-0: Fly out, F8 (Flyball, 8LS, EV 85.6 MPH)
|
Bottom of the 1st over - 0 runs, 0 hits, 0 errors, 0 left on base; Las Vegas 0 - Nashville 0 |
TOP OF THE 2ND |
Las Vegas Flamingos batting - Pitching for Nashville Outlaws : RHP Ralph Minor
|
Batting: RHB Ernest Lesley
|
0-0: Foul Ball, location: 2F 0-1: Fly out, F9 (Flyball, 9S, EV 88.8 MPH)
|
Batting: LHB Braxton Cottongame
|
0-0: Called Strike 0-1: Foul Ball, location: 2F 0-2: Strikes out looking
|
Batting: RHB Esteban León
|
0-0: Ground out 6-3 (Groundball, 4MS, EV 78.1 MPH)
|
Top of the 2nd over - 0 runs, 0 hits, 0 errors, 0 left on base; Las Vegas 0 - Nashville 0 |
BOTTOM OF THE 2ND |
Nashville Outlaws batting - Pitching for Las Vegas Flamingos : RHP Claude Khatoon
|
Batting: LHB Nikolai Volkoff
|
0-0: Ground out 4-3 (Groundball, 4M, EV 92.5 MPH)
|
Batting: RHB Omar Luoa
|
0-0: Ball 1-0: Ground out 6-3 (Groundball, 6, EV 92.5 MPH)
|
Batting: LHB Juan Santángel
|
0-0: Foul Ball, location: 2F 0-1: Foul Ball, location: 2F 0-2: SINGLE (Flyball, 7LS, EV 93.8 MPH)
|
Batting: LHB Duff Eckstein
|
0-0: Ball Juan Santángel steals 2nd base 1-0: Ground out 1-3 (Groundball, 13, EV 76.2 MPH)
|
Bottom of the 2nd over - 0 runs, 1 hit, 0 errors, 1 left on base; Las Vegas 0 - Nashville 0 |
TOP OF THE 3RD |
Las Vegas Flamingos batting - Pitching for Nashville Outlaws : RHP Ralph Minor
|
Batting: RHB Samual Kingman
|
0-0: Called Strike 0-1: TRIPLE (Flyball, 89XD, EV 93.1 MPH)
|
Batting: RHB Juan Ibarra
|
0-0: Ball 1-0: Ground out 5-3 (Groundball, 56, EV 86.2 MPH) Samual Kingman scores
|
Batting: LHB Dirk Horwedel
|
0-0: Called Strike 0-1: Foul Ball, location: 2F 0-2: Ball 1-2: Foul Ball, location: 2F 1-2: Ball 2-2: TRIPLE (Line Drive, 89XD, EV 105.6 MPH)
|
Batting: RHB Alberto Ramírez
|
0-0: Ground out 4-3 (Groundball, 4, EV 88.1 MPH) Dirk Horwedel scores
|
Batting: LHB Chan-ho Shinn
|
0-0: Ball 1-0: Foul Ball, location: 2F 1-1: Foul Ball, location: 2F 1-2: Ball 2-2: Fly out, F9 (Flyball, 9D, EV 91.9 MPH)
|
Top of the 3rd over - 2 runs, 2 hits, 0 errors, 0 left on base; Las Vegas 2 - Nashville 0 |
BOTTOM OF THE 3RD |
Nashville Outlaws batting - Pitching for Las Vegas Flamingos : RHP Claude Khatoon
|
Batting: LHB Russell Hamilton
|
0-0: Called Strike 0-1: Called Strike 0-2: Ball 1-2: Fly out, F7 (Flyball, 7LSF, EV 98.8 MPH)
|
Batting: LHB Wilson Hernández
|
0-0: Swinging Strike 0-1: Foul Ball, location: 2F 0-2: Ball 1-2: Foul Ball, location: 2F 1-2: Ball 2-2: Ground out 4-3 (Groundball, 4S, EV 90.0 MPH)
|
Batting: LHB Daniel Page
|
0-0: Ball 1-0: Called Strike 1-1: Swinging Strike 1-2: SINGLE (Groundball, 3D, EV 94.4 MPH)
|
Batting: LHB Bartolo Soto
|
Pickoff Throw to First - Error! E1 Daniel Page to second 0-0: Called Strike 0-1: Ground out 4-3 (Groundball, 34D, EV 92.5 MPH)
|
Bottom of the 3rd over - 0 runs, 1 hit, 1 error, 1 left on base; Las Vegas 2 - Nashville 0 |
TOP OF THE 4TH |
Las Vegas Flamingos batting - Pitching for Nashville Outlaws : RHP Ralph Minor
|
Batting: LHB Joo-Chan Park
|
0-0: Ball 1-0: Foul Ball, location: 2F 1-1: Foul Ball, location: 2F 1-2: Ball 2-2: Foul Ball, location: 2F 2-2: SINGLE (Groundball, 25, EV 68.1 MPH) (infield hit)
|
Batting: RHB Ernest Lesley
|
0-0: Ball 1-0: Fielders Choice at 2nd, 5-4 (Groundball, 5, EV 95.6 MPH)
|
Batting: LHB Braxton Cottongame
|
0-0: Ball 1-0: Called Strike 1-1: Ball 2-1: Foul Ball, location: 2F 2-2: Foul Ball, location: 2F 2-2: DOUBLE (Flyball, 89XD, EV 103.1 MPH) Ernest Lesley to third Runner from 3rd tries for Home, SAFE, throw by RF to home
|
Batting: RHB Esteban León
|
0-0: Ball 1-0: Ball 2-0: Foul Ball, location: 2F 2-1: Foul Ball, location: 2F 2-2: Ball 3-2: Fly out, F8 (Flyball, 8RS, EV 88.8 MPH)
|
Batting: RHB Samual Kingman
|
0-0: Ball 1-0: Ground out 5-3 (Groundball, 5S, EV 66.9 MPH)
|
Top of the 4th over - 1 run, 2 hits, 0 errors, 1 left on base; Las Vegas 3 - Nashville 0 |
BOTTOM OF THE 4TH |
Nashville Outlaws batting - Pitching for Las Vegas Flamingos : RHP Claude Khatoon
|
Batting: RHB Bastiaan Pieterse
|
0-0: Ball 1-0: Called Strike 1-1: Foul Ball, location: 2F 1-2: Ball 2-2: Ground out 6-3 (Groundball, 56, EV 100.6 MPH)
|
Batting: LHB Nikolai Volkoff
|
0-0: Ground out 6-3 (Groundball, 6, EV 95.0 MPH)
|
Batting: RHB Omar Luoa
|
0-0: Foul Ball, location: 2F 0-1: Foul Ball, location: 2F 0-2: Ball 1-2: Strikes out swinging
|
Bottom of the 4th over - 0 runs, 0 hits, 0 errors, 0 left on base; Las Vegas 3 - Nashville 0 |
TOP OF THE 5TH |
Las Vegas Flamingos batting - Pitching for Nashville Outlaws : RHP Ralph Minor
|
Batting: RHB Juan Ibarra
|
0-0: Ball 1-0: Ball 2-0: Ground out 5-3 (Groundball, 56, EV 105.0 MPH)
|
Batting: LHB Dirk Horwedel
|
0-0: Called Strike 0-1: Foul Ball, location: 2F 0-2: Ball 1-2: Ball 2-2: Strikes out swinging
|
Batting: RHB Alberto Ramírez
|
0-0: Called Strike 0-1: Called Strike 0-2: Ball 1-2: Ball 2-2: Foul Ball, location: 2F 2-2: Ground out 5-3 (Groundball, 5, EV 86.9 MPH)
|
Top of the 5th over - 0 runs, 0 hits, 0 errors, 0 left on base; Las Vegas 3 - Nashville 0 |
BOTTOM OF THE 5TH |
Nashville Outlaws batting - Pitching for Las Vegas Flamingos : RHP Claude Khatoon
|
Batting: LHB Juan Santángel
|
0-0: Called Strike 0-1: Ball 1-1: Ground out 3-1 (Groundball, 34, EV 106.9 MPH)
|
Batting: LHB Duff Eckstein
|
0-0: Ball 1-0: Called Strike 1-1: Ball 2-1: Foul Ball, location: 2F 2-2: Ball 3-2: Base on Balls
|
Batting: LHB Russell Hamilton
|
0-0: Foul Ball, location: 2F 0-1: Fly out, F8 (Flyball, 8LD, EV 78.8 MPH)
|
Batting: LHB Wilson Hernández
|
0-0: Ball 1-0: Ball 2-0: Swinging Strike 2-1: Swinging Strike 2-2: Ball 3-2: Foul Ball, location: 2F 3-2: Ground out U3 (Groundball, 34S, EV 61.2 MPH)
|
Bottom of the 5th over - 0 runs, 0 hits, 0 errors, 1 left on base; Las Vegas 3 - Nashville 0 |
TOP OF THE 6TH |
Las Vegas Flamingos batting - Pitching for Nashville Outlaws : RHP Ralph Minor
|
Batting: LHB Chan-ho Shinn
|
0-0: Foul Ball, location: 2F 0-1: Ball 1-1: Ball 2-1: Called Strike 2-2: Strikes out swinging
|
Pitching: RHP Carlos Simon
|
|
Batting: LHB Joo-Chan Park
|
0-0: SOLO HOME RUN (Flyball, 9D, EV 105.0 MPH), Distance : 369 ft
|
Batting: RHB Ernest Lesley
|
0-0: Ball 1-0: Ball 2-0: Ball 3-0: Called Strike 3-1: SINGLE (Flyball, 8RS, EV 93.1 MPH)
|
Batting: LHB Braxton Cottongame
|
0-0: Called Strike Ernest Lesley steals 2nd base 0-1: Ball 1-1: Ball 2-1: Ball 3-1: Foul Ball, location: 2F 3-2: Base on Balls
|
Pitching: RHP Davis Sawyer
|
|
Batting: RHB Esteban León
|
0-0: 3-RUN HOME RUN (Flyball, 7D, EV 100.0 MPH), Distance : 398 ft
|
Batting: RHB Samual Kingman
|
0-0: SINGLE (Groundball, 6, EV 88.8 MPH) (infield hit)
|
Batting: RHB Juan Ibarra
|
0-0: Foul Ball, location: 2F 0-1: Ball 1-1: Ball 2-1: Swinging Strike 2-2: Strikes out swinging
|
Batting: LHB Dirk Horwedel
|
0-0: Ball 1-0: Ground out 1-3 (Groundball, 13, EV 90.6 MPH)
|
Top of the 6th over - 4 runs, 4 hits, 0 errors, 1 left on base; Las Vegas 7 - Nashville 0 |
BOTTOM OF THE 6TH |
Nashville Outlaws batting - Pitching for Las Vegas Flamingos : RHP Claude Khatoon
|
Batting: LHB Daniel Page
|
0-0: Ball 1-0: Ground out 4-3 (Groundball, 4, EV 81.9 MPH)
|
Batting: LHB Bartolo Soto
|
0-0: Called Strike 0-1: TRIPLE (Flyball, 89XD, EV 111.2 MPH)
|
Batting: RHB Bastiaan Pieterse
|
0-0: Foul Ball, location: 2F 0-1: Foul Ball, location: 2F 0-2: Strikes out swinging
|
Batting: LHB Nikolai Volkoff
|
0-0: Called Strike 0-1: Ground out 6-3 (Groundball, 6, EV 99.4 MPH)
|
Bottom of the 6th over - 0 runs, 1 hit, 0 errors, 1 left on base; Las Vegas 7 - Nashville 0 |
TOP OF THE 7TH |
Las Vegas Flamingos batting - Pitching for Nashville Outlaws : RHP Davis Sawyer
|
Batting: RHB Alberto Ramírez
|
0-0: Called Strike 0-1: Ball 1-1: Ground out U3 (Groundball, 34, EV 88.1 MPH)
|
Batting: LHB Chan-ho Shinn
|
0-0: Called Strike 0-1: Ball 1-1: Fly out, F9 (Flyball, 89S, EV 90.0 MPH)
|
Batting: LHB Joo-Chan Park
|
0-0: Fly out, F6 (Flyball, 56D, EV 92.5 MPH)
|
Top of the 7th over - 0 runs, 0 hits, 0 errors, 0 left on base; Las Vegas 7 - Nashville 0 |
BOTTOM OF THE 7TH |
Nashville Outlaws batting - Pitching for Las Vegas Flamingos : RHP Claude Khatoon
|
Batting: RHB Omar Luoa
|
0-0: Ball 1-0: Swinging Strike 1-1: Called Strike 1-2: Fly out, F9 (Flyball, 9, EV 87.5 MPH)
|
Batting: LHB Juan Santángel
|
0-0: Called Strike 0-1: Foul Ball, location: 2F 0-2: Ball 1-2: Strikes out swinging
|
Batting: LHB Duff Eckstein
|
0-0: Ball 1-0: Swinging Strike 1-1: Fly out, F8 (Flyball, 8LXD, EV 106.2 MPH)
|
Bottom of the 7th over - 0 runs, 0 hits, 0 errors, 0 left on base; Las Vegas 7 - Nashville 0 |
TOP OF THE 8TH |
Las Vegas Flamingos batting - Pitching for Nashville Outlaws : RHP Davis Sawyer
|
Batting: RHB Ernest Lesley
|
0-0: Ball 1-0: Called Strike 1-1: Swinging Strike 1-2: Ball 2-2: Strikes out swinging
|
Pitching: RHP Napoleon Vitagliano
|
|
Batting: LHB Braxton Cottongame
|
0-0: Fly out, F7 (Flyball, 7LS, EV 87.5 MPH)
|
Batting: RHB Esteban León
|
0-0: Swinging Strike 0-1: Ball 1-1: Fly out, F4 (Popup, 4S, EV 74.4 MPH)
|
Top of the 8th over - 0 runs, 0 hits, 0 errors, 0 left on base; Las Vegas 7 - Nashville 0 |
BOTTOM OF THE 8TH |
Nashville Outlaws batting - Pitching for Las Vegas Flamingos : RHP Claude Khatoon
|
Pitching: RHP Hikaru Yamaguchi
|
|
Batting: LHB Russell Hamilton
|
0-0: Ground out U3 (Groundball, 3L, EV 85.0 MPH)
|
Batting: LHB Wilson Hernández
|
0-0: SINGLE (Line Drive, 34, EV 99.4 MPH)
|
Batting: LHB Daniel Page
|
0-0: Foul Ball, location: 2F 0-1: Ball 1-1: Ball 2-1: SINGLE (Line Drive, 9S, EV 88.8 MPH) Wilson Hernández to second
|
Batting: LHB Bartolo Soto
|
0-0: Called Strike 0-1: Ball 1-1: Fly out, F8 (Flyball, 8RM, EV 93.1 MPH)
|
Batting: RHB Bastiaan Pieterse
|
0-0: Ball 1-0: Swinging Strike 1-1: SINGLE (Groundball, 56D, EV 105.6 MPH) Wilson Hernández to third Daniel Page to second Runner from 3rd tries for Home, SAFE, throw by LF to home
|
Batting: LHB Nikolai Volkoff
|
0-0: Called Strike 0-1: Ball 1-1: Foul Ball, location: 2F 1-2: Ground out 4-3 (Groundball, 4S, EV 85.6 MPH)
|
Bottom of the 8th over - 1 run, 3 hits, 0 errors, 2 left on base; Las Vegas 7 - Nashville 1 |
TOP OF THE 9TH |
Las Vegas Flamingos batting - Pitching for Nashville Outlaws : RHP Napoleon Vitagliano
|
Batting: RHB Samual Kingman
|
0-0: SINGLE (Line Drive, 4MD, EV 98.1 MPH)
|
Batting: RHB Juan Ibarra
|
0-0: Called Strike 0-1: Grounds into double play, 6-4-3 (Groundball, 6, EV 101.9 MPH)
|
Batting: LHB Dirk Horwedel
|
0-0: Ball 1-0: Ball 2-0: Called Strike 2-1: Foul Ball, location: 2F 2-2: Ball 3-2: Foul Ball, location: 2F 3-2: Foul Ball, location: 2F 3-2: Strikes out swinging
|
Top of the 9th over - 0 runs, 1 hit, 0 errors, 0 left on base; Las Vegas 7 - Nashville 1 |
BOTTOM OF THE 9TH |
Nashville Outlaws batting - Pitching for Las Vegas Flamingos : RHP Hikaru Yamaguchi
|
Batting: RHB Omar Luoa
|
0-0: Foul Ball, location: 2F 0-1: Ball 1-1: Called Strike 1-2: Ball 2-2: Strikes out looking
|
Batting: LHB Juan Santángel
|
0-0: Ball 1-0: SOLO HOME RUN (Flyball, 89XD, EV 109.4 MPH), Distance : 407 ft
|
Batting: LHB Duff Eckstein
|
0-0: Ball 1-0: TRIPLE (Groundball, 3L, EV 103.1 MPH)
|
Batting: LHB Russell Hamilton
|
0-0: Fly out, F7 (Flyball, 7S, EV 83.1 MPH)
|
Batting: LHB Wilson Hernández
|
0-0: Foul Ball, location: 2F 0-1: Ball 1-1: Called Strike 1-2: Foul Ball, location: 2F 1-2: Ball 2-2: Strikes out looking
|
Bottom of the 9th over - 1 run, 2 hits, 0 errors, 1 left on base; Las Vegas 7 - Nashville 2 |
|